 Dungeon Crawl Stone Soup version 0.21.1-1-g345015f (webtiles) character file.

32 inc the Sneak (level 3, 16/16 HPs)
             Began as a Felid Enchanter on Feb 22, 2018.
             Quit the game on level 2 of the Dungeon.
             The game lasted 00:06:56 (2998 turns).

inc the Sneak (Felid Enchanter)                     Turns: 2998, Time: 00:06:56

Health: 16/16      AC:  1    Str:  4    XL:     3   Next: 10%
Magic:  7/7        EV: 18    Int: 17    God:
Gold:   35         SH:  0    Dex: 16    Spells: 0/6 levels left
                                        Lives:  0   Deaths: 1

rFire    . . .     SeeInvis +     - Unarmed
rCold    . . .     Gourm    .   (shield unavailable)
rNeg     . . .     Faith    .   (armour unavailable)
rPois    .         Spirit   .   (helmet unavailable)
rElec    .         Reflect  .   (cloak unavailable)
rCorr    .         Harm     .   (gloves unavailable)
MR       .....                  (boots unavailable)
Stlth    +++.......             (no amulet)
HPRegen  0.05/turn              (no ring)
MPRegen  0.10/turn              (no ring)

@: quick
A: very small, no armour, no weapons or thrown items, stealth, claws 1, fangs 3,
see invisible, carnivore, speed 1, shaggy fur 1, slow metabolism 1, sharp paws
a: no special abilities


You were on level 2 of the Dungeon.
You were not hungry.

You visited 1 branch of the dungeon, and saw 3 of its levels.

You collected 35 gold pieces.

Inventory:

Jewellery
 f - a cursed ring of teleportation {unknown}
 h - an uncursed amulet of magic regeneration {unknown}
Scrolls
 g - a scroll of fear {unknown}
 i - a scroll of amnesia {unknown}
Potions
 c - a potion of curing {unknown}
 d - a potion of agility {unknown}
 e - a potion of flight {unknown}
Books
 a - a book of Maledictions

   Spells                             Type                      Level
   a - Corona                         Hexes                        1
   b - Ensorcelled Hibernation        Hexes/Ice                    2
   c - Confuse                        Hexes                        3
   d - Tukima's Dance                 Hexes                        3
   e - Dazzling Spray                 Conjuration/Hexes            3
Comestibles
 b - 4 rations


   Skills:
 - Level 2.0 Fighting
 - Level 2.9 Dodging
 - Level 4.5 Stealth
 + Level 2.5 Unarmed Combat
 - Level 2.0 Spellcasting
 - Level 4.5 Hexes


You couldn't memorise any spells.
You knew the following spells:

 Your Spells              Type           Power        Failure   Level  Hunger
a - Corona                Hex            ###....      3%          1    #......
b - Ensorcelled Hibernat  Hex/Ice        #.....       12%         2    ###....
c - Confuse               Hex            ###.....     9%          3    ###....


Dungeon Overview and Level Annotations

Branches:
Dungeon (3/15)

Altars:
Yredelemnul

Annotations:
D:2 Natasha


Innate Abilities, Weirdness & Mutations

You cannot wear armour.
You are incapable of wielding weapons or throwing items.
Your paws allow you to move quietly. (Stealth)
You have sharp claws.
You have razor-sharp teeth.
You have supernaturally acute eyesight. (SInv)
You are carnivorous and can eat meat at any time.
You cover ground quickly.
You are covered in fur. (AC +1)
You have a slow metabolism.
Your sharp claws are effective at attacking unaware monsters.


Message History

The kobold is moderately wounded.
The kobold hits you with a short sword.
* * * LOW HITPOINT WARNING * * *
The quokka bites you but does no damage.
You scratch the kobold but do no damage.
The kobold is moderately wounded.
The quokka closely misses you. The kobold misses you.
You closely miss the kobold.
The kobold is moderately wounded.
The quokka bites you but does no damage.
The kobold misses you.
You scratch the kobold but do no damage.
The kobold is moderately wounded.
The quokka bites you.
You die...
The kobold misses you.
You are now level 3!
You rejoin the land of the living...
Found a scroll labeled PION TEAWKUM.
Are you sure you want to abandon this character and quit the game? (Confirm with "yes".)

....### .. #.....#
#.# #.....# #.##
#.....# ..##.
#.....#
#.##?##)!...##
#.##.........#
#.####..####.#####
#....w..# #.?@#
#)####.##......#.###
..# #.# .##.. ....#
### #.## ##.##.##.##
# #.......... ... #
#.#..##.#.# #.## #
#.#.(##.#.###.# #
#....$........### #
###.........#.....#


There were no monsters in sight!

Vanquished Creatures
  2 adders (D:3)
  2 oozes (D:1)
  A worm (D:3)
  2 dart slugs
  A leopard gecko (D:1)
  An orc (D:3)
  3 bats
  4 giant cockroaches
  3 goblins
  4 hobgoblins
  A quokka (D:2)
  A frilled lizard (D:3)
  10 kobolds
  6 rats
  A spectral orc (D:2)
42 creatures vanquished.

Notes
Turn   | Place    | Note
-------+----------+-------------------------------------------
     0 | D:1      | inc the Felid Enchanter began the quest for the Orb.
     0 | D:1      | Reached XP level 1. HP: 7/7 MP: 4/4
    75 | D:1      | Reached XP level 2. HP: 5/11 MP: 6/6
    83 | D:1      | Learned a level 2 spell: Ensorcelled Hibernation
  1140 | D:1      | Reached skill level 1 in Fighting
  1140 | D:1      | Reached XP level 3. HP: 12/15 MP: 5/7
  1145 | D:1      | Learned a level 3 spell: Confuse
  2182 | D:2      | Found a basalt altar of Yredelemnul.
  2562 | D:3      | Reached XP level 4. HP: 19/19 MP: 6/8
  2982 | D:2      | Noticed Natasha
  2997 | D:2      | Slain by a quokka
  2998 | D:2      | Reached XP level 3. HP: -1/16 MP: 1/7
  2998 | D:2      | Quit the game

Skill      XL: |  1  2  3 |
---------------+----------+-----
Fighting       | 1 2 |  2.0
Unarmed Combat | 2 |  2.5
Dodging        | |  2.9
Stealth        | |  4.5
Spellcasting   | |  2.0
Hexes          | |  4.5

Action                   |  1- 3 |  4- 6 || total
-------------------------+-------+-------++-------
Melee: Unarmed           |   112 |    30 ||   142
       Bite              |     7 |     1 ||     8
       Punch             |     1 |     1 ||     2
 Cast: Corona            |     1 |       ||     1
       Ensorcelled Hiber |    29 |     9 ||    38
       Confuse           |     1 |     4 ||     5
 Stab: Sleeping          |    23 |     6 ||    29
       Confused          |       |     1 ||     1
  Eat: Chunk             |     2 |     5 ||     7
       Ration            |     1 |       ||     1
Armor: Skin              |     7 |     4 ||    11
Dodge: Dodged            |    91 |    28 ||   119
